 Dungeon Crawl Stone Soup version 0.27-a0-681-g0c81a3c1c3 (webtiles) character file.

Game seed: 5038204614730994374

5 Goblin1989 the Sneak (level 1, -1/18 HPs)
             Began as a Demonspawn Delver on Mar 19, 2021.
             Slain by a shadow imp (3 damage)
             ... on level 5 of the Dungeon.
             The game lasted 00:00:54 (42 turns).

Goblin1989 the Sneak (Demonspawn Delver)              Turns: 42, Time: 00:00:54

Health: -1/18      AC:  3    Str: 12    XL:     1   Next: 66%
Magic:  1/1        EV: 11    Int: 11    God:
Gold:   8          SH:  0    Dex: 14    Spells: 0/0 levels left

rFire    . . .     SeeInvis .   a - +0 short sword
rCold    . . .     Faith    .   (no shield)
rNeg     . . .     Spirit   .   b - +0 leather armour
rPois    .         Reflect  .   (no helmet)
rElec    .         Harm     .   (no cloak)
rCorr    .         Rampage  .   (no gloves)
Will     .....                  (no boots)
Stlth    +++.......             (no amulet)
HPRegen  0.06/turn              (no ring)
MPRegen  0.07/turn              (no ring)

@: no status effects
A: no striking features
a: no special abilities


You were on level 5 of the Dungeon.
You visited 1 branch of the dungeon, and saw 1 of its levels.

You collected 8 gold pieces.

Inventory:

Hand Weapons
 a - a +0 short sword (weapon)
Armour
 b - a +0 leather armour (worn)
Wands
 g - a wand of digging (3) {@v1}
Scrolls
 c - a scroll of fog
 e - a scroll of fear
 M - a scroll of magic mapping
 N - a scroll of enchant weapon {unknown}
Potions
 f - a potion of haste {@q3,}


   Skills:
 - Level 3.0 Fighting
 * Level 2.1 Short Blades
 - Level 1.7 Dodging
 + Level 4.6 Stealth


You couldn't memorise any spells.
You didn't know any spells.
Your spell library was empty.

Dungeon Overview and Level Annotations

Branches:
Dungeon (5/15)             Temple (0/1) D:5

Altars:


Message History

Found a blue potion.
A jackal comes into view.
You see here a scroll labelled NEUGEYLUJE.
N - a scroll labelled NEUGEYLUJE A jackal comes into view.
You see here a scroll labelled ILOONO DOASU.
The jackal barks!
You hear a bark!
The jackal bites you but does no damage.
A jackal comes into view.
You hit the jackal.
The jackal is almost dead.
The jackal bites you but does no damage. x2
You hit the jackal but do no damage.
The jackal is almost dead.
The jackal bites you but does no damage.
You completely miss the jackal.
The jackal is almost dead.
The jackal barely misses you. The jackal completely misses you.
You hit the jackal but do no damage.
The jackal is severely wounded.
The jackal closely misses you.
You hit the jackal.
You kill the jackal!
A shadow imp comes into view.
You barely miss the jackal.
The jackal bites you but does no damage.
The jackal barely misses you.
The shadow imp shouts, "Get thee hence, thou villainous moldwarp slabber!"
You hit the jackal.
The jackal is lightly wounded.
The jackal bites you.
You take 1 damage, and have 17/18 hp.
You hit the jackal.
The jackal is moderately wounded.
The jackal bites you. x2
You take 6 damage, and have 11/18 hp.
MASSIVE DAMAGE!!
You closely miss the jackal.
The jackal is moderately wounded.
The jackal bites you but does no damage.
The shadow imp grins evilly.
You hit the jackal.
You kill the jackal!
The jackal bites you.
Your Short Blades skill increases to level 2!
You take 2 damage, and have 9/18 hp.
You hit the jackal.
The jackal is moderately wounded.
The jackal barely misses you.
You closely miss the jackal.
The jackal is moderately wounded.
The jackal closely misses you.
You hit the jackal.
The jackal is almost dead.
The jackal bites you but does no damage.
The jackal barely misses you.
You barely miss the jackal.
The jackal is almost dead.
The jackal bites you.
* * * LOW HITPOINT WARNING * * *
You take 1 damage, and have 8/18 hp.
You completely miss the jackal.
The jackal is almost dead.
The jackal bites you but does no damage. x2
You hit the jackal but do no damage.
The jackal is almost dead.
The jackal bites you.
* * * LOW HITPOINT WARNING * * *
You closely miss the jackal.
The jackal is almost dead.
The jackal closely misses you.
You hit the jackal but do no damage.
The jackal is almost dead.
The jackal barely misses you.
The jackal bites you but does no damage.
You hit the jackal.
You kill the jackal!
You hit the jackal.
The jackal is lightly wounded.
The jackal bites you.
* * * LOW HITPOINT WARNING * * *
You take 1 damage, and have 7/18 hp.
You closely miss the jackal.
The jackal is lightly wounded.
The jackal closely misses you. The jackal bites you.
* * * LOW HITPOINT WARNING * * *
You take 3 damage, and have 4/18 hp.
You hit the jackal.
The jackal is severely wounded.
The jackal bites you but does no damage.
You hit the jackal.
You kill the jackal!
You hit the shadow imp.
The shadow imp is moderately wounded.
The shadow imp hits you.
* * * LOW HITPOINT WARNING * * *
You take 2 damage, and have 2/18 hp.
You closely miss the shadow imp.
The shadow imp is moderately wounded.
The shadow imp hits you.
You die...

.......█
██████████..(...█
.....>.....███..█
....>...........█████
....<........█.......
..█..............███.███
█ █.....................
█............?███.....
█...........█.@5.█
██...........███...█
█.██.......... ..... █..
███......... .... ..█
█..P...█▲██ ..█ █..████
P█ █


You could see a shadow imp.

Vanquished Creatures
  4 jackals (D:5)
4 creatures vanquished.

Notes
Turn   | Place    | Note
-------+----------+-------------------------------------------
     0 | D:5      | Goblin1989 the Demonspawn Delver began the quest for the
                  | Orb.
     0 | D:5      | Reached XP level 1. HP: 18/18 MP: 1/1
    42 | D:5      | Slain by a shadow imp

Illustrated notes

Levels and vault maps discovered:
D:5:      corexii_shantytown, layout_rooms, minmay_misc_feat_columns,
          nrook_mini_vaults, led_xom_imps

Skill      XL: |  1 |
---------------+----+-----
Short Blades   | 2 |  2.1
Fighting       | |  3.0
Dodging        | |  1.7
Stealth        | |  4.6

Action                   || total
-------------------------++-------
Melee: Short sword       ||    25
Armor: Leather armour    ||    11
Dodge: Dodged            ||    10

Table legend: (Time is in decaauts)
 A = Elapsed time spent in this place.
 B = Non-inter-level travel time spent in this place.
 C = Inter-level travel time spent in this place.
 D = Time resting spent in this place.
 E = Time spent auto-exploring this place.
 F = Levels seen in this place.
 G = Mean time per level.
                   A        B        C        D        E       F      G
               +--------+--------+--------+--------+--------+-----+--------+
         Total |     42 |     42 |      0 |      0 |      0 |   1 |   42.0 |
       Dungeon |     42 |     42 |      0 |      0 |      0 |   1 |   42.0 |
               +--------+--------+--------+--------+--------+-----+--------+

Top non-repeatable levels by time:
     D:5: 42 daAuts
